Map: Eternal Empire LE

Players

PartinG

  • Race: Protoss Protoss
  • League: Grandmaster
  • Spawn Location: 1:00

LiquidMaNa (MaNa) - Winner!

  • Race: Protoss Protoss
  • League: Master
  • Spawn Location: 7:00

Event: Shopify TSL 5

VOD

Have the link to the VOD?

Description

Time

  • Played on: May 16, 2020, 9:03 a.m.
  • Length: 11:18

All games in this series

Show
View Real Time Build Order
Export as new Build Order

PartinG Protoss 

Build Orders: Phoenix Opening, Blink Stalkers, Zealot Archon 

Get SALT Encoding   

  12  0:00  Probe  
  13  0:13  Probe  
  14  0:17  Pylon  
  14  0:25  Probe (Chrono Boost)  
  15  0:37  Probe (Chrono Boost), Gateway  
  16  0:45  Probe (Chrono Boost)  
  16  0:47  Assimilator  
  17  0:51  Probe  
  17  0:55  Assimilator  
  18  1:03  Probe (Chrono Boost)  
  19  1:10  Gateway  
  19  1:13  Probe (Chrono Boost)  
  20  1:18  Probe  
  21  1:27  Cybernetics Core  
  21  1:30  Probe  
  22  1:34  Pylon  
  22  1:42  Probe  
  23  1:54  Probe  
  23  2:01  Warp Gate (Chrono Boost)  
  24  2:03  Adept  
  24  2:04  Adept  
  24  2:06  Probe  
  29  2:09  Pylon  
  29  2:19  Probe  
  30  2:31  Probe  
  30  2:34  Sentry x2  
  35  2:43  Probe  
  35  2:52  Nexus  
  35  2:55  Shield Battery  
  35  2:57  Probe  
  36  3:02  Pylon  
  38  3:06  Sentry  
  38  3:07  Phoenix  
  38  3:10  Probe  
  39  3:17  Twilight Council  
  39  3:22  Probe  
  40  3:35  Probe  
  40  3:36  Phoenix  
  40  3:37  Forge  
  41  3:42  Stalker  
  41  3:44  Stalker  
  41  3:48  Probe  
  46  3:49  Blink (Chrono Boost)  
  46  4:00  Probe (Chrono Boost)  
  47  4:04  Probe (Chrono Boost)  
  48  4:11  Protoss Ground Weapons Level 1 (Chrono Boost)  
  48  4:12  Probe (Chrono Boost)  
  48  4:14  Probe (Chrono Boost)  
  50  4:17  Probe (Chrono Boost)  
  50  4:19  Probe (Chrono Boost)  
  50  4:22  Pylon  
  52  4:26  Probe  
  52  4:30  Probe  
  54  4:33  Assimilator  
  54  4:34  Pylon  
  54  4:36  Stalker  
  56  4:40  Sentry  
  58  4:46  Phoenix  
  58  4:51  Probe  
  58  4:52  Probe  
  58  4:58  Gateway x2  
  58  5:03  Stalker x2  
  62  5:17  Pylon  
  62  5:19  Nexus  
  62  5:22  Probe  
  62  5:23  Probe  
  62  5:27  Stalker x2  
  68  5:35  Robotics Facility  
  68  5:38  Charge  
  68  5:46  Phoenix x2  
  68  5:48  Probe x2  
  70  5:51  Stalker x2  
  70  5:55  Gateway  
  70  5:56  Shield Battery  
  74  5:59  Gateway  
  72  6:04  Probe x2  
  72  6:07  Assimilator  
  74  6:12  Gateway  
  74  6:13  Protoss Ground Weapons Level 2 (Chrono Boost)  
  74  6:16  Stalker x2  
  78  6:24  Stalker  
  78  6:25  Stalker  
  82  6:32  Probe  
  83  6:33  Probe x2  
  85  6:42  Observer  
  85  6:46  Gateway  
  86  6:52  Zealot x4  
  86  6:53  Probe  
  86  6:54  Probe  
  96  6:55  Probe  
  96  7:00  Pylon  
  97  7:07  Templar Archives, Pylon  
  97  7:11  Zealot, Pylon  
  97  7:13  Warp Prism (Chrono Boost)  
  99  7:20  Zealot  
  99  7:21  Probe  
  99  7:22  Probe  
  105  7:23  Probe  
  105  7:28  Zealot  
  105  7:29  Zealot  
  110  7:31  Assimilator  
  110  7:32  Assimilator  
  110  7:39  Zealot x3  
  116  7:54  High Templar x2, Zealot x2  
  116  7:57  Photon Cannon  
  116  7:58  Archon  
  124  8:03  Pylon  
  124  8:04  Pylon  
  124  8:06  Pylon  
  124  8:14  Pylon  
  124  8:15  Probe, Pylon  
  125  8:24  High Templar x2  
  125  8:25  High Templar x2, Zealot  
  125  8:26  Zealot x3  
  141  8:28  Archon  
  141  8:29  Archon  
  141  8:31  Observer  
  138  8:50  Zealot x4  
  122  9:00  Zealot x4  
  86  9:18  High Templar x3  
  86  9:19  High Templar  
  86  9:22  Archon x2, Robotics Bay  
  94  9:28  Zealot x4  
  102  9:31  Robotics Facility  
  101  9:53  Zealot x8  
  113  10:15  High Templar x2  
  113  10:16  Disruptor (Chrono Boost), High Templar x2  
  113  10:18  Zealot  
  113  10:19  Zealot x3  
  113  10:20  Archon x2  
  130  10:21  Photon Cannon  
  130  10:23  Photon Cannon  
  130  10:26  Shield Battery x2  
  130  10:27  Disruptor (Chrono Boost)  
  124  10:28  Shield Battery  
  125  10:42  Zealot x4  
  128  10:49  Zealot x4  
  106  11:03  Pylon  
  86  11:07  Zealot x4  
Show
View Real Time Build Order
Export as new Build Order

LiquidMaNa Protoss - Winner!

Build Orders: Phoenix Opening, Blink Stalkers, Zealot Archon 

Get SALT Encoding   

  12  0:00  Probe  
  13  0:12  Probe  
  14  0:18  Pylon  
  14  0:25  Probe (Chrono Boost)  
  15  0:37  Probe (Chrono Boost)  
  15  0:38  Gateway  
  16  0:45  Probe (Chrono Boost)  
  16  0:48  Assimilator  
  17  0:51  Probe  
  17  0:55  Assimilator  
  18  1:03  Probe (Chrono Boost)  
  19  1:07  Gateway  
  19  1:12  Probe (Chrono Boost)  
  19  1:17  Probe (Chrono Boost)  
  21  1:26  Cybernetics Core  
  21  1:29  Probe  
  22  1:33  Pylon  
  22  1:41  Probe  
  23  1:53  Probe  
  24  2:00  Warp Gate (Chrono Boost)  
  24  2:03  Stalker x2  
  24  2:06  Probe  
  29  2:12  Pylon  
  29  2:18  Probe  
  30  2:36  Sentry x2, Probe  
  35  2:47  Nexus  
  35  2:50  Probe  
  35  3:02  Probe, Pylon  
  36  3:06  Stalker  
  38  3:14  Phoenix  
  38  3:15  Probe  
  38  3:18  Twilight Council  
  40  3:27  Probe  
  40  3:35  Shield Battery  
  40  3:41  Stalker  
  40  3:42  Probe  
  40  3:44  Stalker  
  45  3:48  Pylon  
  45  3:54  Probe (Chrono Boost)  
  46  3:56  Blink (Chrono Boost)  
  46  4:04  Probe (Chrono Boost)  
  46  4:06  Probe (Chrono Boost)  
  46  4:07  Phoenix  
  48  4:14  Probe (Chrono Boost)  
  48  4:15  Probe (Chrono Boost)  
  50  4:20  Forge  
  50  4:23  Probe x2 (Chrono Boost)  
  52  4:35  Probe (Chrono Boost)  
  52  4:38  Probe (Chrono Boost)  
  54  4:40  Probe (Chrono Boost), Robotics Facility  
  54  4:44  Assimilator  
  54  4:45  Probe  
  56  4:49  Probe, Protoss Ground Weapons Level 1 (Chrono Boost)  
  56  4:51  Phoenix  
  56  4:52  Assimilator  
  57  4:57  Probe  
  58  5:01  Probe, Pylon  
  58  5:03  Stalker x2  
  63  5:09  Probe  
  63  5:12  Pylon  
  64  5:14  Probe  
  65  5:21  Probe  
  65  5:24  Gateway x2  
  65  5:28  Observer  
  67  5:31  Stalker x2  
  67  5:32  Probe  
  72  5:43  Phoenix  
  72  5:49  Immortal (Chrono Boost)  
  76  5:59  Probe x2  
  78  6:04  Nexus  
  78  6:15  Templar Archives  
  78  6:17  Pylon  
  78  6:22  Immortal (Chrono Boost)  
  82  6:27  Zealot x2  
  86  6:32  Pylon  
  86  6:33  Pylon  
  86  6:41  Shield Battery  
  86  6:42  Disruptor  
  86  6:44  Protoss Ground Weapons Level 2 (Chrono Boost)  
  86  6:47  Gateway  
  86  6:48  Gateway  
  86  6:49  Gateway  
  86  6:52  Observer, Gateway  
  86  6:58  Probe x2  
  88  7:03  Assimilator  
  88  7:07  High Templar x4, Assimilator  
  96  7:10  Probe  
  96  7:11  Archon  
  96  7:12  Archon  
  96  7:17  Immortal  
  100  7:24  Probe x2  
  102  7:32  Gateway  
  102  7:34  Gateway, Pylon  
  102  7:43  Pylon  
  102  7:50  High Templar  
  102  7:51  High Templar, Zealot  
  108  7:56  Archon, Warp Prism  
  108  7:57  Photon Cannon  
  110  8:06  High Templar  
  110  8:07  High Templar  
  110  8:11  Archon  
  110  8:12  Photon Cannon  
  114  8:14  High Templar, Gateway  
  114  8:15  High Templar  
  114  8:19  Archon, Zealot x2  
  122  8:24  Charge (Chrono Boost)  
  122  8:26  Zealot x2  
  126  8:40  High Templar  
  126  8:41  High Templar  
  127  8:42  Zealot x3  
  127  8:45  Archon  
  131  8:54  Zealot x4  
  119  9:07  Zealot x4  
  115  9:17  High Templar x4  
  115  9:21  Archon x2  
  121  9:27  Observer  
  121  9:29  Zealot x5  
  132  9:55  Pylon  
  132  9:58  Pylon  
  132  9:59  Pylon  
  128  10:02  Zealot x2  
  128  10:07  Zealot, Stalker x4  
  125  10:10  Zealot  
  128  10:15  Zealot x2  
  126  10:25  Observer  
  123  10:32  High Templar x5, Zealot x2  
  137  10:36  Archon x2  
  111  10:58  Zealot x4  
Tags
 
Add a new tag
Caveats
  • Supply blocks, unpowered buildings, or Contaminate may cause inaccurate times.
  • Supply counts are checked every 10 seconds.